 Dungeon Crawl Stone Soup version 0.26.1-2-gb8aa6d0cf2 (webtiles) character file.

Game seed: 16067709962714274156

1031 funkygono the Stinger (level 8, -2/36 (46) HPs)
             Began as an Octopode Venom Mage on Mar 15, 2021.
             Was a Follower of Vehumet.
             Succumbed to a wight's poison
             ... on level 6 of the Dungeon.
             The game lasted 00:27:18 (9699 turns).

funkygono the Stinger (Octopode Venom Mage)         Turns: 9699, Time: 00:27:19

HP:   -2/36 (46)    AC:  1    Str:  7    XL:     8   Next: 23%
MP:   14/15         EV: 13    Int: 25    God:    Vehumet [*.....]
Gold: 306           SH:  0    Dex: 13    Spells: 6/17 levels left

rFire    . . .     SeeInvis +   t - staff of poison
rCold    + . .     Faith    +   (no shield)
rNeg     . . .     Spirit   .   (helmet restricted)
rPois    +         Reflect  .   n - amulet of faith
rElec    .         Harm     .   k - +6 ring of intelligence
rCorr    +         Rampage  .   l - ring of resist corrosion
Will     .....                  a - ring of see invisible
Stlth    +++.......             r - ring of protection from cold
HPRegen  0.12/turn              (no ring)
MPRegen  0.14/turn              (no ring)
                                (no ring)
                                (no ring)

@: lethally poisoned (-2 -> -29), heavily drained
A: almost no armour, stealthy swim, amphibious, 8 rings, constrict 8, camouflage
1, gelatinous body 1
a: Renounce Religion


You were on level 6 of the Dungeon.
You worshipped Vehumet.
Vehumet was aware of your devotion.
You visited 2 branches of the dungeon, and saw 7 of its levels.

You collected 306 gold pieces.

Inventory:

Hand Weapons
 b - a +1 club
 m - a +2 whip of holy wrath
 v - a +4 quarterstaff of chaos
Missiles
 o - 12 stones
Magical Staves
 t - an uncursed staff of poison (weapon)
Jewellery
 a - a ring of see invisible (on tentacle)
 k - a +6 ring of intelligence (left tentacle)
 l - a ring of resist corrosion (right tentacle)
 n - an amulet of faith (around mantle)
 q - an uncursed amulet of guardian spirit
 r - a ring of protection from cold (on tentacle)
Wands
 u - a wand of flame (16)
Scrolls
 h - a scroll of fear
 i - 6 scrolls of remove curse
 j - 2 scrolls of teleportation
 p - a scroll of enchant armour
Potions
 c - a potion of invisibility
 d - 3 potions of brilliance
 e - a potion of flight
 g - a potion of ambrosia
 s - a potion of might {unknown}


   Skills:
 + Level 0.2 Fighting
 + Level 0.5 Maces & Flails
 + Level 2.2 Dodging
 - Level 2.6 Stealth
 * Level 5.0 Spellcasting
 * Level 3.0 Transmutations
 * Level 2.9 Fire Magic
 * Level 3.4 Air Magic
 * Level 0.1 Earth Magic
 + Level 6.9 Poison Magic


You had 6 spell levels left.
You knew the following spells:

 Your Spells              Type           Power        Failure   Level
a - Sting                 Tmut/Pois      100%         1%          1
b - Poisonous Vapours     Pois/Air       96%          1%          2
c - Ignite Poison         Fire/Tmut/Pois 41%          4%          3
d - Olgreb's Toxic Radia  Pois           57%          4%          4
e - Sandblast             Erth           14%          8%          1

Your spell library contained the following spells:

 Spells                   Type           Power        Failure   Level
 Swiftness                Air            23%          3%          2
 Shock                    Conj/Air       56%          4%          1
 Mephitic Cloud           Conj/Pois/Air  35%          6%          3
 Animate Skeleton         Necr           12%          9%          1
 Apportation              Tloc           12%          9%          1
 Corona                   Hex            6%           9%          1
 Summon Small Mammal      Summ           24%          9%          1
 Static Discharge         Conj/Air       14%          12%         3
 Airstrike                Air            11%          21%         4
 Lightning Bolt           Conj/Air       7%           75%         5


Dungeon Overview and Level Annotations

Branches:
Dungeon (6/15)             Temple (1/1) D:4

Altars:
Ashenzari
Cheibriados
Dithmenos
Elyvilon
Fedhas
Gozag
Hepliaklqana
Kikubaaqudgha
Makhleb
Nemelex Xobeh
Okawaru
Qazlal
Ru
Sif Muna
Trog
Uskayaw
Vehumet
Wu Jian
Xom
Yredelemnul
Zin
The Shining One

Shops:
D:5 !:

Annotations:
D:3 2 transporters, Tenar's ghost, amateur DsGl


Innate Abilities, Weirdness & Mutations

You cannot wear most types of armour.
You are very stealthy in the water. (Stealth+)
You are amphibious.
You can wear up to eight rings at the same time.
You can use your tentacles to constrict eight enemies at once.
Your skin changes colour to match your surroundings (Stealth+).
Your rubbery body absorbs attacks. (AC +1, EV +1)


Message History

You feel drained.
You hit the wight but do no damage.
The wight is moderately damaged.
You constrict the wight.
The wight hits you with a +1 dire flail of venom!
* * * LOW HITPOINT WARNING * * *
You are more poisoned.
Unknown command.
You hit the wight.
The wight is severely damaged.
You constrict the wight.
* * * LOW HITPOINT WARNING * * *
You feel very sick. The wight completely misses you.
You barely miss the wight.
The wight is almost destroyed.
You constrict the wight.
You destroy the wight!
Vehumet accepts your kill.
You die...

# . ............# . .
.....######.# #.#[#.##.#
#.# ###.#.#.##.# #z#
.......#.##.# #.#
#...........##.######.#
##............z........#
...........#.##[######.#
##............@.# #.#
>.............#.)# #.#
#.#....##.#.#.#..# #.#
.................######.#
........................#
#.#...###.#.#.#.#########
............#.#.#
#.#...#####.#.#.# #..
#.#.#.#


There were no monsters in sight!

Vanquished Creatures
  A sky beast (D:5)
  2 ogres (D:4)
  A gnoll sergeant (D:5)
  A scorpion (D:5)
  3 wights
  2 hounds
  A centaur skeleton (D:4)
  An orc priest (D:3)
  Crazy Yiuf (D:5)
  4 orc wizards
  Natasha (D:4)
  2 worker ants (D:4)
  A hound skeleton (D:5)
  A worker ant zombie (D:5)
  4 adders
  6 river rats (D:5)
  A shadow imp (D:6)
  2 oozes
  2 worms (D:2)
  9 dart slugs
  5 leopard geckos
  14 orcs
  2 bats (D:2)
  6 giant cockroaches
  4 goblins
  5 hobgoblins
  3 jackals (D:3)
  A kobold (D:1)
  10 quokkas
  A ball python (D:4)
  6 frilled lizards
  16 rats
119 creatures vanquished.

Vanquished Creatures (others)
  7 plants (D:3)
7 creatures vanquished.

Grand Total: 126 creatures vanquished

Notes
Turn   | Place    | Note
-------+----------+-------------------------------------------
     0 | D:1      | funkygono the Octopode Venom Mage began the quest for the
                  | Orb.
     0 | D:1      | Reached XP level 1. HP: 11/11 MP: 3/3
   487 | D:1      | Reached skill level 4 in Poison Magic
   487 | D:1      | Reached XP level 2. HP: 17/17 MP: 3/5
   524 | D:1      | Learned a level 2 spell: Poisonous Vapours
   531 | D:1      | You fall into a shaft and drop 1 floor!
  1501 | D:1      | You fall into a shaft and drop 1 floor!
  1558 | D:2      | Reached XP level 3. HP: 8/21 MP: 4/6
  2433 | D:2      | Reached skill level 1 in Air Magic
  2773 | D:2      | Learned a level 3 spell: Ignite Poison
  2995 | D:3      | Reached XP level 4. HP: 27/27 MP: 2/7
  3518 | D:3      | Found a transporter.
  3832 | D:3      | Found a transporter.
  3832 | D:3      | Noticed Tenar's ghost (amateur DsGl)
  3851 | D:3      | Found a faded altar of an unknown god.
  3967 | D:3      | Reached skill level 5 in Poison Magic
  3967 | D:3      | Reached XP level 5. HP: 31/31 MP: 4/9
  4227 | D:3      | Found a white marble altar of Elyvilon.
  4859 | D:4      | Reached XP level 6. HP: 21/36 MP: 0/11
  5095 | D:4      | Found a staircase to the Ecumenical Temple.
  5104 | Temple   | Entered the Ecumenical Temple
  5156 | Temple   | Became a worshipper of Vehumet
  5598 | D:4      | Reached skill level 1 in Fire Magic
  5653 | D:4      | Noticed Natasha
  5658 | D:4      | Killed Natasha
  6044 | D:4      | Reached XP level 7. HP: 30/41 MP: 9/13
  6446 | D:5      | Entered Level 5 of the Dungeon
  6782 | D:5      | Reached skill level 6 in Poison Magic
  7169 | D:5      | Found Aranosm's Book Boutique.
  7219 | D:5      | Learned a level 4 spell: Olgreb's Toxic Radiance
  7878 | D:5      | Found Wopnurph's Distillery.
  8083 | D:5      | Found a runed translucent door.
  8084 | D:5      | Noticed Crazy Yiuf
  8090 | D:5      | Killed Crazy Yiuf
  8202 | D:5      | Reached XP level 8. HP: 46/46 MP: 3/15
  8738 | D:5      | Reached * piety under Vehumet
  8738 | D:5      | Offered knowledge of Sandblast by Vehumet.
  9422 | D:6      | Learned a level 1 spell: Sandblast
  9551 | D:5      | Reached skill level 5 in Spellcasting
  9698 | D:6      | HP: 1/36 [poisoned by a wight]
  9699 | D:6      | Succumbed to a wight's poison

Illustrated notes

Levels and vault maps discovered:
D:1:      dpeg_arrival_signposts, layout_basic
D:2:      layout_loops_corners
D:3:      layout_basic, nicolae_overflow_hidden_temple,
          chequers_ecumenical_altar_simple, gammafunk_ghost_mausoleum,
          chequers_big_river, chequers_serial_rivers_small_3,
          minmay_stone_trees_small
D:4:      kennysheep_slugbush, layout_basic, minmay_temple_entry_grid,
          uniq_natasha
D:5:      lemuel_ratsnest, layout_rooms, serial_shops, shop,
          nicolae_shop_statue_plus, st_stairs_6, uniq_crazy_yiuf_cottage
D:6:      layout_basic, amcnicky_altar_gilded
Temple:   compressed_dpeg_circular_temple

Skill      XL: |  1  2  3  4  5  6  7  8 |
---------------+-------------------------+-----
Poison Magic   | 4 5 6 |  6.9
Air Magic      | 1 2 3 |  3.4
Spellcasting   | 3 4 5 |  5.0
Fire Magic     | 1 2 |  2.9
Transmutations | 2 3 |  3.0
Fighting       | |  0.2
Maces & Flails | |  0.5
Dodging        | |  2.2
Stealth        | |  2.6
Earth Magic    | |  0.1

Action                   |  1- 3 |  4- 6 |  7- 9 || total
-------------------------+-------+-------+-------++-------
Melee: Club              |       |     1 |       ||     1
       Whip              |       |     5 |    11 ||    16
       Constrict         |       |       |     5 ||     5
       Tentacles         |       |       |     3 ||     3
       Staff             |       |       |     8 ||     8
 Cast: Sting             |    28 |    42 |    48 ||   118
       Poisonous Vapours |    19 |    44 |    30 ||    93
       Ignite Poison     |       |       |    19 ||    19
       Olgreb's Toxic Ra |       |       |     4 ||     4
       Sandblast         |       |       |     9 ||     9
  Use: Scroll            |     8 |     1 |     4 ||    13
       Potion            |     1 |       |     1 ||     2
Armor: Skin              |     1 |     1 |     1 ||     3
Dodge: Dodged            |    11 |    23 |    41 ||    75
